 Dungeon Crawl Stone Soup version 0.28.0-43-g3370ac3207 (webtiles) character file.

Game seed: 3569938117648163193

370285 DasRunzen the Spry (level 23, -4/152 HPs)
             Began as a Djinni Fire Elementalist on Feb 17, 2022.
             Was the Champion of Qazlal.
             Killed from afar by a war gargoyle (48 damage)
             ... with a spray of metal splinters
             ... on level 4 of the Vaults on Mar 6, 2022.
             The game lasted 03:30:38 (53028 turns).

DasRunzen the Spry (Djinni Fire Elementalist)      Turns: 53028, Time: 03:30:38

Health: -4/152     AC: 17    Str:  3    XL:     23   Next: 70%
Gold:   1330       EV: 27    Int: 41    God:    Qazlal [******] SH: 21 Dex: 18

rFire   + + .      SeeInvis +   S - staff of air
rCold   x . .      Faith    +   l - +0 kite shield "Qiofyddo" {rN+ Regen+ Dex-2 Slay+2}
rNeg    + . .      Spirit   .   v - +2 robe "Oqocidwane" {Harm Dex+3 SInv Stlth+}
rPois   ∞          Reflect  .   Z - +2 helmet {Int+3}
rElec   +          Harm     +   W - +2 cloak {rCorr}
rCorr   +          Rampage  .   L - +0 pair of gloves of Twilight {Str-4 Int+10}
Will    +++..      Clarity  +   (boots unavailable)
Stlth   ++........              A - amulet of faith
HPRegen 1.15/turn               b - +4 ring of evasion
MPRegen 0.00/turn               k - ring "Ipupnawn" {Will+ MP+9 Int+3}

@: protected from physical damage, flying, studying 3 skills, repel missiles
A: sickness immunity, fire resistance 2, cold vulnerability 1, float, innate
caster, HP casting, extra vitality 1, clarity, frail 1, electricity resistance
}: 2/15 runes: serpentine, barnacled
a: Renounce Religion, Upheaval, Elemental Force, Disaster Area


You were on level 4 of the Vaults.
You worshipped Qazlal.
Qazlal was exalted by your worship.
You visited 8 branches of the dungeon, and saw 40 of its levels.
You visited the Abyss 1 time.
You also visited: Gauntlet, Ice Cave and Volcano.

You collected 5036 gold pieces.
You spent 3706 gold pieces at shops.

Inventory:

Hand Weapons
 w - the +7 captain's cutlass {speed, disarm}
   (You found it on level 4 of the Snake Pit)

   Attacks with this weapon are significantly faster.
   It may disarm weapon-wielding foes when striking them, dealing extra damage
   in the process.
 Q - a +5 vampiric demon blade
Armour
 l - the +0 kite shield "Qiofyddo" (worn) {rN+ Regen+ Dex-2 Slay+2}
   (You found it on level 5 of the Lair of Beasts)

   Dex:       It affects your dexterity (-2).
   Slay:      It affects your accuracy & damage with ranged weapons and melee
   (+2).
   rN:        It protects you from negative energy.
   Regen:     It increases your rate of health regeneration.
 v - the +2 robe "Oqocidwane" (worn) {Harm Dex+3 SInv Stlth+}
   (You found it on level 7 of the Dungeon)

   Dex:       It affects your dexterity (+3).
   SInv:      It lets you see invisible.
   Harm:      It increases damage dealt and taken.
   Stlth:     It makes you more stealthy.
 C - the +4 leather armour "Vestys" {rF+ Regen+ Stlth+}
   (You bought it in a shop on level 2 of the Orcish Mines)

   rF:        It protects you from fire.
   Regen:     It increases your rate of health regeneration.
   Stlth:     It makes you more stealthy.
 L - the +0 pair of gloves of Twilight (worn) {Str-4 Int+10}
   (You found it in a Gauntlet)

   Str:       It affects your strength (-4).
   Int:       It affects your intelligence (+10).
 P - the +2 pair of gloves of Truth {*Slow rPois rF+++ rC++}
   (You found it in a Gauntlet)

   rF:        It renders you almost immune to fire.
   rC:        It greatly protects you from cold.
   rPois:     It protects you from poison.
   *Slow:     It may slow you when you take damage.
 W - a +2 cloak of preservation (worn)
 Z - a +2 helmet of intelligence (worn)
Magical Staves
 a - a staff of conjuration
 S - a staff of air (weapon)
Jewellery
 b - a +4 ring of evasion (left hand)
 f - a +6 ring of intelligence
 h - a ring of protection from cold
 j - a ring of see invisible
 k - the ring "Ipupnawn" (right hand) {Will+ MP+9 Int+3}
   (You took it off a deep elf pyromancer on level 3 of the Elven Halls)

   [ring of magical power]

   Int:       It affects your intelligence (+3).
   MP:        It affects your magic capacity (+9).
   Will:      It increases your willpower.
 n - a +6 ring of strength
 r - the ring "Hetuuw" {rF+ rCorr SInv}
   (You took it off a deep elf demonologist on level 3 of the Elven Halls)

   [ring of protection from fire]

   rF:        It protects you from fire.
   SInv:      It lets you see invisible.
   rCorr:     It protects you from acid and corrosion.
 u - a ring of positive energy
 z - a ring of positive energy
 A - an amulet of faith (around neck)
 M - a ring of resist corrosion
 T - a +6 ring of dexterity
 V - a +4 ring of protection
 X - the ring "Afinaga" {Contam rCorr Str+3 Slay+6}
   (You found it on level 5 of the Lair of Beasts)

   [ring of resist corrosion]

   Str:       It affects your strength (+3).
   Slay:      It affects your accuracy & damage with ranged weapons and melee
   (+6).
   Contam:    It causes magical contamination when unequipped.
   rCorr:     It protects you from acid and corrosion.
Wands
 d - a wand of digging (13)
 q - a wand of iceblast (23)
 s - a wand of acid (28)
 x - a wand of charming (6)
 D - a wand of paralysis (15)
 O - a wand of polymorph (4)
 R - a wand of flame (48)
 U - a wand of mindburst (35)
Scrolls
 c - 17 scrolls of teleportation
 i - 4 scrolls of brand weapon
 m - 3 scrolls of magic mapping
 o - 2 scrolls of silence
 y - 8 scrolls of fog
 B - 4 scrolls of holy word
 E - 5 scrolls of fear
 F - 2 scrolls of summoning
 J - 22 scrolls of identify
 K - 11 scrolls of blinking
Potions
 e - 8 potions of invisibility
 g - 20 potions of curing
 p - 2 potions of heal wounds
 t - 6 potions of brilliance
 G - 8 potions of cancellation
 H - 3 potions of resistance
 I - 5 potions of haste
 N - 3 potions of might
Miscellaneous
 Y - a piece from Xom's chessboard (15/15)


   Skills:
 + Level 16.2 Fighting
 + Level 7.0 Short Blades
 + Level 16.3 Armour
 + Level 18.2 Dodging
 + Level 10.1 Stealth
 + Level 12.6 Shields
 * Level 17.9 Spellcasting
 - Level 11.0 Invocations


You couldn't memorise any spells.
You knew the following spells:

 Your Spells              Type           Power      Damage    Failure   Level
a - Foxfire               Conj/Fire      100%       2x1d9     0%          1
b - Scorch                Fire           100%       2d10      0%          2
c - Conjure Flame         Conj/Fire      100%       6-21      0%          3
d - Inner Flame           Hex/Fire       100%       N/A       0%          3
e - Flame Wave            Conj/Fire      100%       2d17      0%          4
f - Sting                 Tmut/Pois      100%       1d8       0%          1
g - Blink                 Tloc           100%       N/A       0%          2
h - Call Imp              Summ           100%       N/A       0%          2
i - Tukima's Dance        Hex            100%       N/A       0%          3
j - Iskenderun's Battles  Conj           100%       2d15      1%          5
k - Lightning Bolt        Conj/Air       67%        1d92      1%          5
l - Conjure Ball Lightni  Conj/Air       67%        3x3d25    1%          6
m - Dragon Form           Tmut           55%        N/A       1%          7
n - Malign Gateway        Summ/Tloc      55%        N/A       1%          7
o - Infestation           Necr           55%        N/A       6%          8
p - Spellforged Servitor  Conj/Summ      55%        N/A       1%          7
Your spell library was empty.

Dungeon Overview and Level Annotations

Branches:
Dungeon (15/15)            Temple (1/1) D:6            Lair (6/6) D:8
 Shoals (4/4) Lair:2        Snake (4/4) Lair:2        Slime (0/5) Lair:5
    Orc (2/2) D:10            Elf (3/3) Orc:2        Vaults (5/5) D:13
  Crypt (0/3) Vaults:2     Depths (0/4) D:15          IceCv (visited)
Volcano (visited)         Gauntlet (visited)

Altars:
Ashenzari
Cheibriados
Dithmenos
Elyvilon
Fedhas
Gozag
Hepliaklqana
Kikubaaqudgha
Makhleb
Nemelex Xobeh
Okawaru
Qazlal
Ru
Sif Muna
Trog
Uskayaw
Vehumet
Wu Jian
Xom
Yredelemnul
Zin
The Shining One

Shops:
D:6 ?   Orc:2 (:([*   Snake:3 :   Vaults:1 ?   Vaults:2 (((   Vaults:3 ?(!*

Portals:
Trove: D:13 (give 18 scrolls of teleportation)

Annotations:
Lair:4 daodarkstar's ghost, journeyman DsFi
Shoals:2 2 transporters, Cedruin's ghost, adept DrAr
Elf:1 1 runed translucent door


Innate Abilities, Weirdness & Mutations

You are immune to sickness and miasma.
You are immune to poison.
Your flesh is very heat resistant. (rF++)
You are vulnerable to cold. (rC-)
You float through the air rather than walking.
You learn spells naturally, not from books.
Your magical power is your life essence.
You have superior vitality. (+4 MHP)
You possess an exceptional clarity of mind.
You are frail. (-10% HP)
You are resistant to electric shocks. (rElec)


Message History

You feel a surge of power!
You hear a mighty clap of thunder!
The bolt of lightning hits the war gargoyle!
The war gargoyle resists.
The war gargoyle is almost destroyed.
* * * LOW HITPOINT WARNING * * *
The war gargoyle completely misses you.
Casting: Lightning Bolt (safe; 1% risk of failure)
Confirm with . or Enter, or press ? or * to list all spells.
You blink.
* * * LOW HITPOINT WARNING * * *
You block the vault guard's attack.
There is an open door here.
The war gargoyle launches metal splinters at you.
The spray of metal splinters hits you!
You feel more protected from physical attacks.
* * * LOW HITPOINT WARNING * * *
The tengu reaver is engulfed in blazing flames.
The vault guard is engulfed in freezing vapours.
You feel much better. You block the vault guard's attack.
Unknown command.
Casting: Blink (safe; 0% risk of failure)
Confirm with . or Enter, or press ? or * to list all spells.
Aiming: Lightning Bolt (safe; 1% risk of failure)
Press: ? - help, Shift-Dir - straight line, f/p - war gargoyle
Aim: a war gargoyle, wielding a +3 morningstar of draining (sparse dust, severely damaged, 94% to hit)
You feel a surge of power!
You hear a mighty clap of thunder!
The bolt of lightning hits the war gargoyle.
The war gargoyle resists.
The war gargoyle is severely damaged.
The bolt of lightning hits the vault guard!
The vault guard is heavily wounded.
The bolt of lightning hits the tengu reaver!!
The tengu reaver is severely wounded.
* * * LOW HITPOINT WARNING * * *
You block the war gargoyle's attack.
The war gargoyle launches metal splinters at you.
The spray of metal splinters hits you!!!
You die...

##...##.#.#.#.#[#[###########
#.....#.......[[.[#..........
##...##[[.........+.#########
#.....#.[.......[.#.#.#.'...#
##...##[[[....[[..#.#.#.#####
#.....+.......([..#.#.#....(#
##...##.#.#§#.#[#.#.#'#.>)#'#
#.....#...Q§○..[>.#.#!....#.#
##...##...p9@☼....#)#####)#.#
######'#'#########.'...'=#.#
#.......# #.#########
#.#...#.# #..........
#.......# ###'###'###
#.......# #..........
#.......# #..........
#.#...#.# #..........
#.......# #....[.....


You could see a tengu reaver, a vault guard and a war gargoyle (catching
breath).

Vanquished Creatures
  Mara (Shoals:4)
  Vashnia (Snake:3)
  Margery (Vaults:2)
  A bone dragon (Abyss:4)
  Jorgrun (D:12)
  Asterion (Elf:1)
  A lich (Vaults:2)
  2 deep elf blademasters (Elf:3)
  3 deep elf master archers (Elf:3)
  3 tentacled starspawn (Abyss:4)
  Polyphemus (Shoals:2)
  3 sphinxes
  Agnes (Elf:1)
  Roxanne (D:14)
  A daeva (Abyss:4)
  7 nagarajas
  3 orc warlords
  5 vault wardens
  2 frost giants (IceCv)
  Louise (Shoals:4)
  7 deep elf sorcerers
  Aizul (Snake:4)
  2 deep elf elementalists (Elf:3)
  14 ironbound preservers
  5 very ugly things
  Nessos (Orc:2)
  5 ironbound thunderhulks
  A red draconian (Volcano)
  2 entropy weavers
  4 deep elf demonologists (Elf:3)
  A white draconian (IceCv)
  20 dire elephants
  8 deep elf annihilators
  A minotaur (Gauntlet)
  The ghost of LetschGu the Archer, a journeyman SpAM of Ashenzari (Orc:1)
  2 merfolk javelineers (Shoals:4)
  5 deep elf death magi (Elf:3)
  A green death (Abyss:4)
  12 yaktaur captains
  5 merfolk impalers (Shoals:4)
  A fire dragon (D:12)
  2 ice dragons
  The ghost of confidenceinterval the Fighter, a journeyman DsSu of Gozag (D:10)
  Josephine (D:12)
  2 merfolk avatars (Shoals:4)
  A peacekeeper (Vaults:2)
  3 deep elf high priests (Elf:3)
  26 vault guards
  A boulder beetle (D:14)
  Fannar (Orc:1)
  6 great orbs of eyes
  14 naga warriors
  2 rakshasas
  8 hydras
  2 merfolk aquamancers
  4 salamander tyrants (Snake:4)
  An alligator snapping turtle (Shoals:3)
  14 centaur warriors
  9 ironbound frosthearts
  A two-headed ogre (D:14)
  2 catoblepae
  Erica (D:8)
  A death knight (D:11)
  4 dancing weapons
  7 anacondas
  5 orc high priests
  3 satyrs
  6 shock serpents
  A thrashing horror (Abyss:4)
  A tengu warrior (D:10)
  15 naga sharpshooters
  15 death yaks
  6 hell knights (Vaults:2)
  12 deep elf knights
  Nergalle (Lair:1)
  Sonja (Orc:2)
  6 salamander mystics
  A shadow wraith (Abyss:3)
  A spectral anaconda (Lair:6)
  A spatial maelstrom (Elf:1)
  2 glowing orange brains (Vaults:1)
  A flayed ghost (Abyss:4)
  8 sea snakes
  3 skeletal warriors (D:11)
  35 deep trolls
  A kraken simulacrum (Shoals:4)
  4 naga ritualists
  A swamp dragon (shapeshifter) (D:15)
  2 orange crystal statues
  6 orc knights
  14 wizards
  A steelbarb worm (shapeshifter) (Vaults:3)
  15 harpies
  11 lindwurms
  21 ironbound convokers
  24 deep elf zephyrmancers
  12 deep elf archers
  2 obsidian statues
  28 deep elf pyromancers
  5 necromancers
  An oklob plant (Gauntlet)
  9 manticores
  7 mana vipers
  9 salamanders
  34 ugly things
  7 orc sorcerers
  11 cyclopes
  6 fauns
  15 naga magi
  An apocalypse crab (Abyss:4)
  5 elephants (Lair:6)
  2 guardian serpents
  11 vault sentinels
  28 black mambas
  10 merfolk sirens
  Joseph (Lair:1)
  A dire elephant zombie (Lair:6)
  7 water nymphs
  5 molten gargoyles (Volcano)
  5 gargoyles
  14 cane toads
  2 smoke demons (Abyss:4)
  An unseen horror (D:11)
  16 rime drakes
  24 yaktaurs
  3 centaur skeletons (D:15)
  2 tengu conjurers (D:15)
  7 kobold demonologists
  A minotaur zombie (Gauntlet)
  11 komodo dragons
  An elf zombie (Vaults:1)
  3 efreet
  3 ancient zymes
  2 guardian mummies (D:13)
  3 meliai (D:15)
  A freezing wraith (Elf:1)
  8 trolls
  20 polar bears
  16 merfolk
  3 wind drakes
  2 hornets (D:11)
  11 raiju (Abyss:4)
  Prince Ribbit (D:8)
  An ettin zombie (Vaults:1)
  3 spectral elephants (Lair:6)
  17 slime creatures
  8 blink frogs
  7 snapping turtles
  6 dream sheep (Shoals:4)
  3 air elementals
  A culicivora (shapeshifter) (Vaults:4)
  A vampire (D:13)
  3 ynoxinuls
  9 wraiths
  3 wyverns
  2 fire elementals (Elf:2)
  54 yaks
  2 large abominations (Abyss:4)
  4 basilisks
  7 water elementals
  2 redbacks (Vaults:1)
  11 humans (D:13)
  5 steam dragons
  2 chaos spawn
  A redback simulacrum (D:15)
  2 death yak simulacra (Lair:6)
  A spectral cane toad (Lair:6)
  8 wargs
  5 swamp worms (Lair:5)
  36 nagas
  An acid dragon (shapeshifter) (Elf:1)
  2 acid dragons
  15 water moccasins
  A nameless horror (Elf:2)
  2 ice beasts (D:6)
  4 black bears
  29 orc warriors
  2 human skeletons (Vaults:1)
  3 sky beasts
  An elephant zombie (Lair:6)
  A necrophage (D:5)
  15 wolves
  9 ogres
  9 boggarts
  16 centaurs
  3 small abominations (Abyss:4)
  An elephant skeleton (Lair:6)
  7 bullfrogs
  6 kobold brigands
  A scorpion (D:5)
  A cane toad simulacrum (Lair:6)
  A spectral warg (Orc:1)
  A water moccasin zombie (D:7)
  An elephant simulacrum (Lair:6)
  4 wights (D:8)
  6 killer bees
  An orc simulacrum (Orc:1)
  13 howler monkeys
  An electric eel (Lair:4)
  6 centaur zombies
  3 jellies
  8 orc priests
  A gnoll shaman (D:9)
  A hound (D:6)
  Jessica (D:2)
  Ijyb (D:5)
  12 orc wizards
  2 spectral orcs (Orc:1)
  2 troll simulacra (Orc:1)
  A killer bee zombie (D:7)
  A hound skeleton (D:4)
  A mummy (D:3)
  A howler monkey zombie (D:9)
  10 gnolls
  A howler monkey skeleton (D:5)
  6 adders
  2 shadow imps (D:8)
  2 white imps (D:8)
  A dart slug (D:2)
  2 worms
  56 orcs
  6 bats
  5 endoplasms
  A giant cockroach (D:2)
  8 hobgoblins
  9 jackals
  2 quokkas (D:2)
  11 ball pythons
  2 frilled lizards
  10 goblins
  18 kobolds
  2 rats
  12 briar patches (Lair:5)
  17 foxfires
  3 plants (Shoals:4)
  3 starspawn tentacles (Abyss:4)
  A withered plant (Lair:6)
1446 creatures vanquished.

Vanquished Creatures (collateral kills)
  Bai Suzhen (Vaults:3)
  2 deep elf blademasters (Elf:3)
  A vault warden (Vaults:4)
  An ironbound preserver (Vaults:4)
  A deep elf annihilator (Elf:3)
  A crystal guardian (Vaults:2)
  A yaktaur captain (Vaults:3)
  A vault guard (Vaults:4)
  22 dancing weapons
  2 deep elf knights (Elf:2)
  A deep elf archer (Elf:2)
  2 deep elf zephyrmancers (Elf:2)
  2 yaktaurs (Vaults:3)
  2 nagas (Snake:2)
  2 earth elementals
  2 ball lightnings
  16 foxfires
60 creatures vanquished.

Vanquished Creatures (others)
  23 eldritch tentacles
  A wizard (Vaults:4)
  An unseen horror (Abyss:4)
  An orc (Orc:2)
  117 ball lightnings
  A briar patch (Lair:5)
  1009 foxfires
  35 fungi
  100 plants
  8 starspawn tentacles (Abyss:4)
  4 tentacles (Shoals:4)
  32 withered plants (Lair:6)
1332 creatures vanquished.

Grand Total: 2838 creatures vanquished

Notes
Turn   | Place    | Note
-------+----------+-------------------------------------------
     0 | D:1      | DasRunzen the Djinni Fire Elementalist began the quest for
                  | the Orb.
     0 | D:1      | Reached XP level 1. HP: 15/15 MP: 0/0
   342 | D:1      | Reached XP level 2. HP: 20/22 MP: 0/0
   430 | D:1      | Reached XP level 3. HP: 11/26 MP: 0/0
   430 | D:1      | Learned a level 1 spell: Sting
   734 | D:1      | Reached skill level 1 in Armour
   780 | D:1      | Reached skill level 1 in Fighting
   923 | D:1      | Found a faded altar of an unknown god.
  1659 | D:2      | Reached XP level 4. HP: 30/32 MP: 0/0
  2016 | D:2      | Noticed Jessica
  2021 | D:2      | Killed Jessica
  2941 | D:2      | Reached skill level 3 in Dodging
  2941 | D:2      | Reached XP level 5. HP: 32/37 MP: 0/0
  2941 | D:2      | Learned a level 2 spell: Blink
  3590 | D:3      | Noticed an ogre
  3598 | D:3      | Killed an ogre
  3599 | D:3      | Reached XP level 6. HP: 35/43 MP: 0/0
  3670 | D:3      | Found a snail-covered altar of Cheibriados.
  3814 | D:3      | Found an ornate altar of the Wu Jian Council.
  4359 | D:4      | Noticed a black bear
  4363 | D:4      | Killed a black bear
  4481 | D:4      | Reached XP level 7. HP: 46/49 MP: 0/0
  4481 | D:4      | Learned a level 2 spell: Call Imp
  4554 | D:4      | You are sucked into a shaft and drop 3 floors!
  4570 | D:7      | Reached skill level 4 in Dodging
  4657 | D:7      | Identified the +2 robe "Oqocidwane" {Harm Dex+3 SInv
                  | Stlth+}
  4671 | D:6      | Noticed a steam dragon
  4680 | D:6      | Killed a steam dragon
  4790 | D:6      | Found a staircase to the Ecumenical Temple.
  4798 | Temple   | Entered the Ecumenical Temple
  4813 | Temple   | Became a worshipper of Qazlal Stormbringer
  4916 | D:6      | Reached XP level 8. HP: 36/56 MP: 0/0
  5026 | D:5      | Entered Level 5 of the Dungeon
  5052 | D:5      | Noticed Ijyb
  5060 | D:5      | Killed Ijyb
  5105 | D:5      | Reached skill level 5 in Spellcasting
  5140 | D:5      | Found a glowing silver altar of Zin.
  5146 | D:5      | Found a bloodstained altar of Trog.
  5617 | D:4      | Found an iron altar of Okawaru.
  5935 | D:5      | Reached skill level 5 in Dodging
  6598 | D:6      | Reached XP level 9. HP: 20/63 MP: 0/0
  6598 | D:6      | Learned a level 3 spell: Tukima's Dance
  7200 | D:6      | Found Qanelum's Magic Scroll Shop.
  7208 | D:6      | Bought a scroll of identify for 26 gold pieces
  7208 | D:6      | Bought a scroll of identify for 26 gold pieces
  7208 | D:6      | Bought a scroll of identify for 26 gold pieces
  7208 | D:6      | Bought a scroll of identify for 26 gold pieces
  7208 | D:6      | Bought a scroll of identify for 26 gold pieces
  7208 | D:6      | Bought a scroll of identify for 26 gold pieces
  7208 | D:6      | Bought a scroll of identify for 26 gold pieces
  7512 | D:7      | Reached skill level 5 in Armour
  7512 | D:7      | Reached skill level 6 in Dodging
  7544 | D:7      | Reached skill level 5 in Fighting
  7824 | D:8      | Noticed Erica
  7834 | D:8      | Killed Erica
  7835 | D:8      | Reached XP level 10. HP: 59/71 MP: 0/0
  7914 | D:8      | Noticed Prince Ribbit
  7928 | D:8      | Killed Prince Ribbit
  8068 | D:8      | Reached * piety under Qazlal
  8069 | D:8      | Reached skill level 7 in Dodging
  8896 | D:8      | Found a basalt altar of Yredelemnul.
  9220 | D:8      | Found a staircase to the Lair.
  9220 | D:8      | Noticed a komodo dragon
  9224 | D:8      | Killed a komodo dragon
  9410 | D:9      | Reached ** piety under Qazlal
  9754 | D:9      | Noticed a kobold demonologist
  9756 | D:9      | Noticed a kobold demonologist
  9758 | D:9      | Noticed a kobold demonologist
  9760 | D:9      | Noticed a kobold demonologist
  9760 | D:9      | Killed a kobold demonologist
  9760 | D:9      | Killed a kobold demonologist
  9761 | D:9      | Reached skill level 8 in Dodging
  9761 | D:9      | Reached XP level 11. HP: 56/79 MP: 0/0
  9761 | D:9      | Learned a level 5 spell: Iskenderun's Battlesphere
  9769 | D:9      | Noticed a soul eater
 10147 | D:9      | Noticed a soul eater
 10461 | D:9      | Found a hide-covered altar of Uskayaw.
 11081 | D:10     | Entered Level 10 of the Dungeon
 11082 | D:10     | Found a runed translucent door.
 11083 | D:10     | Noticed confidenceinterval's ghost (journeyman DsSu)
 11083 | D:10     | Noticed a tengu warrior
 11176 | D:10     | Reached skill level 9 in Dodging
 11257 | D:10     | Found a staircase to the Orcish Mines.
 11412 | D:10     | Noticed a white ugly thing
 11419 | D:10     | HP: 4/81 [white ugly thing (44)]
 11420 | D:10     | Killed a white ugly thing
 11420 | D:10     | Reached *** piety under Qazlal
 12062 | D:10     | Reached XP level 12. HP: 67/86 MP: 0/0
 12641 | D:10     | Noticed a soul eater
 12662 | D:10     | Noticed a soul eater
 13214 | Lair:1   | Entered Level 1 of the Lair of Beasts
 13216 | Lair:1   | Noticed Joseph
 13223 | Lair:1   | Killed Joseph
 13588 | Lair:1   | Reached skill level 10 in Spellcasting
 13600 | Lair:1   | Reached skill level 10 in Dodging
 13608 | Lair:1   | Noticed Nergalle
 13617 | Lair:1   | Killed Nergalle
 13983 | Lair:1   | Reached **** piety under Qazlal
 14824 | Lair:2   | Noticed a seven-headed hydra
 14825 | Lair:2   | Noticed a five-headed hydra
 14843 | Lair:2   | Killed a four-headed hydra
 14843 | Lair:2   | Killed a seven-headed hydra
 14844 | Lair:2   | Reached XP level 13. HP: 66/94 MP: 0/0
 14844 | Lair:2   | Learned a level 5 spell: Lightning Bolt
 15424 | Lair:2   | Found a staircase to the Snake Pit.
 15615 | Lair:2   | Found a staircase to the Shoals.
 16160 | Lair:3   | Identified the +1 ring mail "Nyoppocw" {Will+ MP+9 Str+4}
 16603 | Lair:3   | Reached skill level 11 in Dodging
 16756 | Lair:3   | Reached skill level 1 in Invocations
 16757 | Lair:3   | Reached ***** piety under Qazlal
 16758 | Lair:3   | Reached skill level 10 in Armour
 17093 | Lair:3   | Reached skill level 10 in Fighting
 17474 | Lair:4   | Noticed a catoblepas
 17482 | Lair:4   | Killed a catoblepas
 17921 | Lair:4   | Found a runed translucent gate.
 17922 | Lair:4   | Found a runed translucent gate.
 17924 | Lair:4   | Found a runed translucent gate.
 18055 | Lair:4   | Noticed an eight-headed hydra
 18057 | Lair:4   | Killed an eight-headed hydra
 18108 | Lair:4   | Noticed daodarkstar's ghost (journeyman DsFi)
 18914 | Lair:5   | Reached XP level 14. HP: 50/103 MP: 0/0
 18941 | Lair:5   | Found a gate leading to a gauntlet.
 18949 | Gauntlet | Entered a Gauntlet
 18949 | Gauntlet | Found a transporter.
 18949 | Gauntlet | Found a transporter.
 19114 | Gauntlet | Found a transporter.
 19115 | Gauntlet | Found a runed translucent door.
 19116 | Gauntlet | Found a runed translucent door.
 19127 | Gauntlet | Found a transporter.
 19145 | Gauntlet | Found a transporter.
 19145 | Gauntlet | Found a transporter.
 19145 | Gauntlet | Found a transporter.
 19148 | Gauntlet | Found a transporter.
 19148 | Gauntlet | Found a transporter.
 19161 | Gauntlet | Found a runed translucent door.
 19164 | Gauntlet | Found a transporter.
 19181 | Gauntlet | Found a transporter.
 19191 | Gauntlet | Found a transporter.
 19206 | Gauntlet | Found a transporter.
 19226 | Gauntlet | Found a transporter.
 19256 | Gauntlet | Found a transporter.
 19264 | Gauntlet | Found a transporter.
 19264 | Gauntlet | Found a transporter.
 19273 | Gauntlet | Found a runed translucent door.
 19279 | Gauntlet | Found a transporter.
 19279 | Gauntlet | Found a transporter.
 19305 | Gauntlet | Identified the +0 pair of gloves of Twilight {Str-4 Int+10}
 19319 | Gauntlet | Found a transporter.
 19319 | Gauntlet | Found a transporter.
 19319 | Gauntlet | Found a transporter.
 19817 | Gauntlet | Found a transporter.
 20022 | Gauntlet | Identified the +8 great sword "Onuo" {protect, rF+ Int-2
                  | Dex+3 SInv}
 20028 | Gauntlet | Identified the +2 pair of gloves of Truth {*Slow rPois
                  | rF+++ rC++}
 20032 | Gauntlet | Found a transporter.
 20049 | Gauntlet | Identified the +9 morningstar of Ifahiwn {vorpal, Drain
                  | rF+++ SInv Stlth-}
 20049 | Gauntlet | Noticed a minotaur
 20051 | Gauntlet | Killed a minotaur
 20854 | Lair:5   | Found a staircase to the Slime Pits.
 20933 | Lair:5   | Found a transporter.
 21503 | Lair:5   | Found a transporter.
 21509 | Lair:5   | Identified the ring "Afinaga" {Contam rCorr Str+3 Slay+6}
 21781 | Lair:5   | Identified the +0 kite shield "Qiofyddo" {rN+ Regen+ Dex-2
                  | Slay+2}
 21802 | Lair:6   | Entered Level 6 of the Lair of Beasts
 21845 | Lair:6   | Reached skill level 12 in Dodging
 21900 | Lair:6   | Found a dark tunnel.
 21919 | Lair:6   | Reached skill level 1 in Shields
 21929 | Volcano  | Entered a volcano
 21941 | Volcano  | Upgraded the game from 0.28.0 to 0.28.0-43-g3370ac3207
 22014 | Volcano  | Noticed a red draconian
 22025 | Volcano  | Killed a red draconian
 22153 | Volcano  | Noticed an orb of fire
 22240 | Volcano  | Noticed an orb of fire
 22363 | Lair:6   | Reached skill level 5 in Invocations
 22365 | Lair:6   | Reached XP level 15. HP: 71/110 MP: 0/0
 22365 | Lair:6   | Learned a level 6 spell: Conjure Ball Lightning
 23982 | Orc:1    | Entered Level 1 of the Orcish Mines
 23990 | Orc:1    | Reached ****** piety under Qazlal
 24391 | Orc:1    | Found a runed translucent gate.
 24395 | Orc:1    | Found a runed translucent gate.
 24395 | Orc:1    | Found a runed translucent gate.
 24395 | Orc:1    | Noticed LetschGu's ghost (journeyman SpAM)
 24395 | Orc:1    | Noticed Fannar
 24399 | Orc:1    | Killed Fannar
 24557 | Orc:1    | Killed LetschGu's ghost
 24619 | Orc:2    | Entered Level 2 of the Orcish Mines
 24619 | Orc:2    | Noticed an orc warlord
 24619 | Orc:2    | Found Yneir's Antique Armour Emporium.
 24624 | Orc:2    | Killed an orc warlord
 24694 | Orc:2    | Noticed Nessos
 24697 | Orc:2    | Killed Nessos
 24707 | Orc:2    | Reached skill level 13 in Dodging
 24792 | Orc:2    | Noticed Sonja
 24794 | Orc:2    | Killed Sonja
 25043 | Orc:2    | Noticed an orc warlord
 25124 | Orc:2    | Reached XP level 16. HP: 114/118 MP: 0/0
 25246 | Orc:2    | Reached skill level 5 in Shields
 25304 | Orc:2    | Found Bogar's Antique Weapon Boutique.
 25316 | Orc:2    | Found Vaasmod's Firing Range.
 25407 | Orc:2    | Found Juhoit's Book Emporium.
 25440 | Orc:2    | Found a staircase to the Elven Halls.
 25576 | Orc:2    | Found Luefuwei's General Store.
 25826 | Orc:2    | Bought a runed buckler for 247 gold pieces
 25826 | Orc:2    | Bought a brightly glowing leather armour for 231 gold
                  | pieces
 25826 | Orc:2    | Identified the +1 leather armour of Articulation {Slay+2}
                  | (You bought it in a shop on level 2 of the Orcish Mines)
 25826 | Orc:2    | Bought a faintly humming leather armour for 231 gold pieces
 25826 | Orc:2    | Identified the +4 leather armour "Vestys" {rF+ Regen+
                  | Stlth+} (You bought it in a shop on level 2 of the Orcish
                  | Mines)
 25858 | Orc:2    | Bought a brightly glowing mace for 304 gold pieces
 25858 | Orc:2    | Identified the +12 mace "Kiliasmi" {pain, rCorr MP+9 Int-2}
                  | (You bought it in a shop on level 2 of the Orcish Mines)
 25858 | Orc:2    | Bought an iridescent rapier for 342 gold pieces
 25858 | Orc:2    | Identified the +5 rapier of Ruatzom {venom, rF- Str+5} (You
                  | bought it in a shop on level 2 of the Orcish Mines)
 26135 | D:12     | Noticed Josephine
 26136 | D:12     | Killed Josephine
 26328 | D:12     | Noticed Jorgrun
 26333 | D:12     | Killed Jorgrun
 27545 | D:10     | Killed confidenceinterval's ghost
 27919 | D:13     | Found a gate to the Vaults.
 27994 | D:13     | Found a portal to a secret trove of treasure.
 28022 | D:13     | Gained mutation: Armour fits poorly on your strangely
                  | shaped body. [potion of mutation]
 28022 | D:13     | Gained mutation: Your movements are slightly less
                  | encumbered by armour. (ER -2) [potion of mutation]
 28023 | D:13     | Lost mutation: Armour fits poorly on your strangely shaped
                  | body. [potion of mutation]
 28023 | D:13     | Lost mutation: Your movements are slightly less encumbered
                  | by armour. (ER -2) [potion of mutation]
 28023 | D:13     | Gained mutation: You are frail. (-10% HP) [potion of
                  | mutation]
 28023 | D:13     | Gained mutation: You possess an exceptional clarity of
                  | mind. [potion of mutation]
 28023 | D:13     | Gained mutation: You are resistant to electric shocks.
                  | (rElec) [potion of mutation]
 29070 | D:14     | Noticed Roxanne
 29186 | D:14     | Killed Roxanne
 29357 | D:15     | Entered Level 15 of the Dungeon
 29589 | D:15     | Reached XP level 17. HP: 95/112 MP: 0/0
 29589 | D:15     | Learned a level 7 spell: Dragon Form
 29765 | D:15     | Found a sacrificial altar of Ru.
 29910 | D:15     | Found a sparkling altar of Nemelex Xobeh.
 29958 | D:15     | Found a staircase to the Depths.
 30678 | Shoals:1 | Entered Level 1 of the Shoals
 30846 | Shoals:1 | Reached skill level 14 in Dodging
 31750 | Shoals:2 | Found a transporter.
 31943 | Shoals:2 | Noticed Polyphemus
 31945 | Shoals:2 | Killed Polyphemus
 32288 | Shoals:2 | Noticed Cedruin's ghost (adept DrAr)
 32432 | Shoals:2 | Found a transporter.
 32471 | Shoals:2 | Noticed a kraken
 32481 | Shoals:2 | Identified the ring "Yjy Yki" {+Blink rPois EV+4 Int+2}
 32540 | Shoals:3 | HP: 4/112 [water nymph/the raging water (15)]
 32591 | Shoals:3 | Found a frozen archway.
 32614 | IceCv    | Entered an ice cave
 33306 | IceCv    | Reached XP level 18. HP: 36/118 MP: 0/0
 34294 | Shoals:4 | Entered Level 4 of the Shoals
 34486 | Shoals:4 | Noticed Mara
 34516 | Shoals:4 | Killed Mara
 35369 | Shoals:4 | Identified the -9 tower shield of the Heavens {rCorr SInv}
 35369 | Shoals:4 | Noticed Louise
 35372 | Shoals:4 | Killed Louise
 35762 | Shoals:4 | Got a barnacled rune of Zot
 35990 | Snake:1  | Entered Level 1 of the Snake Pit
 35994 | Snake:1  | Reached skill level 15 in Spellcasting
 36031 | Snake:1  | Reached skill level 15 in Dodging
 36815 | Snake:2  | Reached XP level 19. HP: 118/125 MP: 0/0
 36815 | Snake:2  | Learned a level 7 spell: Malign Gateway
 37198 | Snake:2  | Reached skill level 10 in Invocations
 37859 | Snake:3  | Identified the +5 great mace of the Scorching Shrike
                  | {protect, Int+6}
 37903 | Snake:3  | Noticed Vashnia
 37909 | Snake:3  | Killed Vashnia
 38083 | Snake:3  | Found Mucisykh's Book Boutique.
 38469 | Snake:4  | Entered Level 4 of the Snake Pit
 38622 | Snake:4  | Found the +7 captain's cutlass {speed, disarm}
 38742 | Snake:4  | Noticed Aizul
 38745 | Snake:4  | Killed Aizul
 39229 | Snake:4  | Reached XP level 20. HP: 96/132 MP: 0/0
 39331 | Snake:4  | Got a serpentine rune of Zot
 39450 | Snake:4  | Reached skill level 10 in Shields
 40161 | D:6      | Bought a scroll of teleportation for 39 gold pieces
 40161 | D:6      | Bought a scroll of enchant weapon for 97 gold pieces
 40161 | D:6      | Bought a scroll of teleportation for 39 gold pieces
 40307 | Elf:1    | Entered Level 1 of the Elven Halls
 40307 | Elf:1    | Found a runed translucent gate.
 40307 | Elf:1    | Found a runed translucent gate.
 40307 | Elf:1    | Found a runed translucent gate.
 40307 | Elf:1    | Found a runed translucent gate.
 40307 | Elf:1    | Found a runed translucent gate.
 40307 | Elf:1    | Found a runed translucent gate.
 40308 | Elf:1    | Found a runed translucent door.
 40310 | Elf:1    | Found a runed translucent door.
 40421 | Elf:1    | Cast into level 3 of the Abyss (+3 short sword of
                  | distortion)
 40444 | Abyss:3  | Found a corrupted altar of Lugonu.
 40477 | Abyss:3  | Found a corrupted altar of Lugonu.
 40601 | Abyss:4  | Noticed a bone dragon
 40667 | Abyss:4  | Noticed a bone dragon
 40688 | Abyss:4  | Killed a bone dragon
 40801 | Elf:1    | Escaped the Abyss
 41252 | Elf:1    | Reached skill level 16 in Dodging
 41523 | Elf:1    | Identified the +7 trident of Amorality {vorpal, rPois Str+8
                  | Dex-3 SInv}
 41891 | Elf:1    | Reached skill level 1 in Short Blades
 41978 | Elf:1    | Noticed Agnes
 41980 | Elf:1    | Killed Agnes
 42453 | Elf:1    | Identified the +10 great sword of Noon {drain, *Slow rElec
                  | rF+++ SInv}
 42485 | Elf:1    | Noticed Asterion
 42489 | Elf:1    | Killed Asterion
 43360 | Elf:2    | Found a runed translucent gate.
 43360 | Elf:2    | Found a runed translucent gate.
 43360 | Elf:2    | Found a runed translucent gate.
 43591 | Elf:2    | Identified the +1 leather armour of Duty {rC+}
 44242 | Elf:2    | Reached XP level 21. HP: 94/138 MP: 0/0
 44242 | Elf:2    | Learned a level 8 spell: Infestation
 44403 | Elf:3    | Entered Level 3 of the Elven Halls
 44566 | Elf:3    | Identified the +5 long sword "DasRunzen's Peril" {venom,
                  | Str-3 Int+4 Dex+3}
 44676 | Elf:3    | Reached skill level 15 in Armour
 44689 | Elf:3    | Reached skill level 5 in Stealth
 44762 | Elf:3    | Reached skill level 15 in Fighting
 44917 | Elf:3    | Paralysed by an air elemental for 1 turns
 45438 | Elf:3    | Identified the +0 ring mail of the Cobbler {*Corrode Dex+2
                  | SInv}
 45601 | Elf:3    | Identified the +3 chain mail of Nihilism {rN+ Str+3}
 45607 | Elf:3    | Identified the +8 scythe of Uskayaw {speed, Str+2 SInv}
 45667 | Elf:3    | Identified the +5 quarterstaff "Cimpowir" {vorpal, Stlth+}
 45805 | Elf:3    | Identified the ring "Hetuuw" {rF+ rCorr SInv}
 45909 | Elf:3    | Identified the ring "Ipupnawn" {Will+ MP+9 Int+3}
 46017 | Elf:3    | Identified the +1 pair of boots of the Sunfish {Fly Dex+2
                  | SInv}
 46349 | Vaults:1 | Entered Level 1 of the Vaults
 47097 | Vaults:1 | Reached XP level 22. HP: 136/144 MP: 0/0
 47545 | Vaults:1 | Reached skill level 5 in Short Blades
 47592 | Vaults:1 | Reached skill level 17 in Dodging
 47824 | Vaults:1 | Found Weczubir's Magic Scroll Shop.
 47831 | Vaults:1 | Bought a scroll of magic mapping for 59 gold pieces
 47831 | Vaults:1 | Bought a scroll of teleportation for 51 gold pieces
 47831 | Vaults:1 | Bought a scroll of teleportation for 51 gold pieces
 47831 | Vaults:1 | Bought a scroll of fear for 59 gold pieces
 47831 | Vaults:1 | Bought a scroll of teleportation for 51 gold pieces
 48136 | Vaults:2 | Found Obaphy's Antique Weapon Shoppe.
 48325 | Vaults:2 | Found Nashrul's Antique Weapon Shop.
 48331 | Vaults:2 | Noticed Margery
 48336 | Vaults:2 | Killed Margery
 49022 | Vaults:2 | Found Viosoode's Weapon Shoppe.
 49341 | Vaults:2 | Found a staircase to the Crypt.
 50162 | Vaults:3 | Found Ynymeq's Assorted Antiques.
 50818 | Vaults:3 | Found Sooguh's Magic Scroll Boutique.
 50823 | Vaults:3 | Bought a scroll of acquirement for 884 gold pieces
 50823 | Vaults:3 | Acquired a manual of Dodging
 50828 | Vaults:3 | Bought a scroll of blinking for 127 gold pieces
 50828 | Vaults:3 | Bought 2 scrolls of enchant armour for 255 gold pieces
 50828 | Vaults:3 | Bought a scroll of enchant weapon for 127 gold pieces
 50828 | Vaults:3 | Bought a scroll of teleportation for 51 gold pieces
 50828 | Vaults:3 | Bought a scroll of teleportation for 51 gold pieces
 51004 | Vaults:3 | Reached XP level 23. HP: 141/151 MP: 0/0
 51004 | Vaults:3 | Learned a level 7 spell: Spellforged Servitor
 51054 | Vaults:3 | Found Tiuqerig's Weapon Boutique.
 51319 | Vaults:3 | Found Xoplig's Distillery.
 51328 | Vaults:3 | Bought a potion of curing for 57 gold pieces
 51328 | Vaults:3 | Bought a potion of curing for 57 gold pieces
 51328 | Vaults:3 | Bought a potion of curing for 57 gold pieces
 51328 | Vaults:3 | Bought a potion of curing for 57 gold pieces
 51355 | Vaults:3 | Noticed Bai Suzhen
 51380 | Vaults:3 | Killed Bai Suzhen
 52056 | Vaults:4 | Reached skill level 18 in Dodging
 52179 | Vaults:4 | Identified the +5 mace "Hydrabane" {venom, rF- rC+++ Int+3}
 52753 | Vaults:5 | Entered Level 5 of the Vaults
 52863 | Vaults:4 | Reached skill level 10 in Stealth
 53028 | Vaults:4 | Killed from afar by a war gargoyle

Illustrated notes

Levels and vault maps discovered:
D:1:      dpeg_arrival_erosion, layout_basic, basic_ecumenical_altar,
          minmay_misc_feat_encased, minmay_quantized
D:2:      layout_basic, uniq_jessica
D:3:      kennysheep_six_static_rooms, layout_loops_ring,
          nicolae_wu_jian_immortal_techniques, slow_altar_1, minivault_25
D:4:      layout_basic, okawaru_gym_becter
D:5:      layout_basic, grunt_temple_overflow_open, uniq_ijyb
D:6:      layout_rooms, minmay_temple_entry_crystal_x, serial_shops, shop
D:7:      layout_rooms
D:8:      minmay_the_grid_square_5x5_3x3 [minmay_the_grid_square_5x5_minimal,
          minmay_the_grid_square_5x5_longway,
          minmay_the_grid_square_5x5_hollow_slash,
          minmay_the_grid_square_5x5_inner_i,
          minmay_the_grid_square_5x5_megaprize_hollow,
          minmay_the_grid_square_5x5_one_wall,
          minmay_the_grid_square_5x5_misaligned,
          minmay_the_grid_square_5x5_three_small,
          minmay_the_grid_square_5x5_doubleslash], layout_gridville,
          kennysheep_little_box, david_lair_shrubbed, minmay_manual_mail,
          uniq_prince_ribbit1, uniq_erica
D:9:      lemuel_ice_spiral_2, layout_irregular_city,
          mainiacjoe_overflow_surrounded_room, minmay_quadrilaterals
D:10:     layout_basic, david_orc_2, ebering_ghost_inner_flame
D:11:     layout_cave_pools, chequers_serial_rivers_large_b
D:12:     layout_cave_pods, kennysheep_generic_room_9, uniq_josephine,
          uniq_jorgrun
D:13:     layout_loops_ring, ximxim_vaults_locker_room,
          nicolae_trove_entry_path_of_doom
D:14:     layout_basic, nicolae_cairo_tiling_large, grunt_ministairs_6,
          uniq_roxanne
D:15:     grunt_enter_depths_magical_seal, layout_long_grid,
          nemelex_diamond_rough_becter, nicolae_ru_path_of_blood
Temple:   zaba_magenta_temple
Lair:1:   layout_long_grid, minivault_26, uniq_joseph, uniq_nergalle
Lair:2:   layout_regular_city, elwin_shoals_entry_rooms,
          guppyfry_snake_entry_garden
Lair:3:   layout_gridlike, nicolae_lair_lindhole
Lair:4:   layout_regular_city, gammafunk_ghost_split, serial_bayou_lagoon_a,
          nicolae_lair_yak_garden, grunt_megastairs_1, lemuel_fruit_fields
Lair:5:   gammafunk_worm_tunnel, layout_cave_pods,
          nicolae_slime_entry_slimehenge, gauntlet_entry_generic,
          grunt_megastairs_5, lemuel_fruit_tree
Lair:6:   due_jungle_book, layout_cave_pods, nicolae_volcano_entry_lava_flow,
          kilobyte_rumbling_trees
Shoals:1: nicolae_shoals_island_circles, layout_shoals
Shoals:2: layout_shoals, ebering_ghost_davey_jones, uniq_polyphemus
Shoals:3: layout_shoals, portal_ice_cave_entry_pillars_three
Shoals:4: shoals_end_grunt_ice, layout_shoals, uniq_mara, uniq_louise
Snake:1:  layout_misc_corridors, nicolae_snake_serpentine_hallways,
          minmay_snake_pond
Snake:2:  layout_chambers, grunt_megastairs_3
Snake:3:  layout_rooms, serial_shops, shop, grunt_megastairs_2, uniq_vashnia
Snake:4:  minmay_snake_end_coiled, layout_cave_town, corexii_hall_statues_x,
          uniq_aizul
Orc:1:    layout_caves, gammafunk_ghost_necromancy, uniq_fannar
Orc:2:    grunt_orc_gardens, layout_diamond_mine, grunt_orc_garden,
          grunt_orc_garden, grunt_orc_garden, grunt_orc_garden,
          nicolae_shop_firing_range, uniq_sonja, uniq_nessos
Elf:1:    nicolae_elf_arrival_dilemma, layout_loops_corners,
          hangedman_elf_disciples, uniq_agnes, uniq_asterion
Elf:2:    elven_hall_of_blades_hangedman_original [nicolae_blade_bullseye],
          layout_loops_ring, nicolae_elf_crossing_hall
Elf:3:    minmay_elf_hall_furrowed, layout_geoelf_grid
Vaults:1: nicolae_vaults_angled_halls, ontoclasm_vaults_twist,
          hangedman_vaults_variations, grunt_vaults_trifunnel,
          nicolae_vaults_hallways_thing, vaults_room_large_hall,
          ontoclasm_vaults_eye, nicolae_vaults_ninety_degrees,
          ontoclasm_vaults_ligature, vaults_mumra_hex, layout_vaults_omnicross,
          serial_shops, shop
Vaults:2: vaults_mumra_hexcomb, v_misc_11, ontoclasm_vaults_bender,
          minmay_crypt_entry_nasty_monster, nicolae_vaults_statue_guard,
          ontoclasm_vaults_fault, nicolae_vaults_network_periphery, v_rooms_5,
          vaults_mumra_minichess, layout_vaults_chaotic_city, serial_shops,
          nicolae_square_shop, shop, shop, uniq_margery
Vaults:3: nicolae_vaults_yaktaur_gun_rack, vaults_room_semicircle,
          nicolae_vaults_angled_halls, v_misc_16, ontoclasm_vaults_hangar,
          nicolae_vaults_shelves_hall, v_misc_27, v_misc_13,
          layout_vaults_omnigrid, serial_shops,
          nicolae_shop_bloodbath_and_beyond, nicolae_shop_hallway_plus,
          nicolae_lakefront_shop, shop, uniq_bai_suzhen
Vaults:4: hangedman_vaults_maws, nicolae_vaults_windows_and_doors_thing,
          nicolae_vaults_meeting, hangedman_vaults_stagger, v_misc_23,
          vaults_room_fours, hangedman_vaults_slice, v_alt_pattern_6,
          ontoclasm_vaults_loading_screen, vaults_room_hallway,
          vaults_dpeg_diagonal, vaults_room_stairs_pillars, layout_vaults_ring
Vaults:5: uniq_jory

Skill      XL: |  1  2  3  4  5  6  7  8  9 10 11 12 13 14 15 16 17 18 19 20 21 22 23 |
---------------+----------------------------------------------------------------------+-----
Armour         | 1 2 3 4 5 7 8 9 10 11 12 13 14 15 16 | 16.3
Fighting       | 1 2 3 4 5 7 8 9 10 11 12 13 14 15 16 | 16.2
Spellcasting   | 3 4 5 6 8 9 10 11 12 13 14 15 16 17 | 17.9
Dodging        | 3 4 5 6 8 9 10 11 12 13 14 15 16 17 18 | 18.2
Invocations    | 3 5 6 7 8 9 10 11 | 11.0
Shields        | 2 4 6 7 8 9 10 11 12 | 12.6
Stealth        | 4 7 9 10 | 10.1
Short Blades   | 2 4 6 7 |  7.0

Action                   |  1- 3 |  4- 6 |  7- 9 | 10-12 | 13-15 | 16-18 | 19-21 | 22-24 || total
-------------------------+-------+-------+-------+-------+-------+-------+-------+-------++-------
Melee: Short sword       |     9 |     6 |       |       |       |       |       |       ||    15
       Scimitar          |       |       |       |    54 |    65 |       |       |       ||   119
       Punch             |       |       |       |       |     2 |       |       |       ||     2
       Staff             |       |       |       |       |     6 |     5 |    12 |     7 ||    30
       Cutlass           |       |       |       |       |       |       |    11 |       ||    11
       Trident           |       |       |       |       |       |       |     7 |       ||     7
 Cast: Foxfire           |    55 |    84 |   135 |   132 |   135 |    45 |    19 |     2 ||   607
       Scorch            |     1 |    11 |    38 |   161 |   113 |   133 |    96 |     8 ||   561
       Inner Flame       |       |     5 |     1 |    48 |    55 |    59 |    54 |    32 ||   254
       Iskenderun's Batt |       |       |       |     1 |       |       |       |       ||     1
       Flame Wave        |       |       |       |     4 |       |       |    12 |       ||    16
       Lightning Bolt    |       |       |       |       |   211 |   400 |   475 |   336 ||  1422
       Sting             |       |       |       |       |    13 |     2 |     2 |     4 ||    21
       Blink             |       |       |       |       |     1 |     1 |     5 |     5 ||    12
       Conjure Ball Ligh |       |       |       |       |     7 |    30 |    13 |     2 ||    52
       Dragon Form       |       |       |       |       |       |     1 |       |       ||     1
       Malign Gateway    |       |       |       |       |       |       |    21 |     2 ||    23
       Conjure Flame     |       |       |       |       |       |       |     1 |       ||     1
       Spellforged Servi |       |       |       |       |       |       |       |     2 ||     2
       Infestation       |       |       |       |       |       |       |       |     2 ||     2
       Tukima's Dance    |       |       |       |       |       |       |       |     1 ||     1
  Use: Scroll            |     3 |     3 |    12 |     9 |     5 |     3 |     6 |     3 ||    44
       Potion            |       |       |       |       |       |     3 |    10 |     3 ||    16
 Stab: Sleeping          |     1 |       |       |       |       |       |       |       ||     1
Armor: Robe              |     7 |     1 |     1 |    11 |    18 |    23 |    73 |    17 ||   151
       Skin              |       |       |       |       |       |     1 |       |       ||     1
Dodge: Dodged            |    20 |     7 |    12 |   137 |   124 |    97 |   306 |    93 ||   796
       Repelled          |       |       |       |     4 |       |     5 |     8 |     6 ||    23
Block: Other             |       |     2 |     3 |    57 |    47 |       |       |       ||   109
       Reflection        |       |       |     1 |     1 |    11 |    48 |    24 |       ||    85
       Kite shield       |       |       |       |       |   115 |   223 |   556 |   122 ||  1016
